General information
- name: BNet
- type: Ladder team game (AT/RT)
- host: Battle.net
- saver: BloodMageOnly
map: Cherryville
- players: 8
- length: 20:00
- speed: Fast
- version: 1.26 W3XP
- replay type: Public
» download(170 KB)
Players
team 1 (loser)
okfine (
orange | 91 APM | 1829 actions | 20:00)
5 Dark Ranger
3 Black Arrow
2 Silence
4 Death Knight
2 Death Coil
2 Unholy Aura
» actions
| Assign group hotkey | 65 | |
| Basic commands | 3 | |
| Build / train | 109 | |
| Enter build submenu | 24 | |
| Enter hero's abilities submenu | 9 | |
| Give item / drop item | 3 | |
| Right click | 484 | |
| Select / deselect | 255 | |
| Select group hotkey | 795 | |
| Use ability | 82 | |
1829 total
» units
| Acolyte | 11 | |
| Ghoul | 10 | |
| Crypt Fiend | 4 | |
| Obsidian Statue | 2 | |
| Frost Wyrm | 6 | |
33 total
» upgrades
| Web | 1 | |
| Burrow | 1 | |
| Creature Attack | 3 | |
| Creature Carapace | 3 | |
| Ghoul Frenzy | 1 | |
| Destroyer Form | 1 | |
| Freezing Breath | 1 | |
11 total
» buildings
| Altar of Darkness | 1 | |
| Ziggurat | 10 | |
| Crypt | 2 | |
| Graveyard | 1 | |
| Tomb of Relics | 1 | |
| Nerubian Tower | 5 | |
| Halls of the Dead | 2 | |
| Necropolis | 1 | |
| Spirit Tower | 8 | |
| Black Citadel | 1 | |
| Sacrificial Pit | 1 | |
| Slaughterhouse | 1 | |
| Boneyard | 2 | |
36 total
» build order
00:10 Altar of Darkness
00:14 Ziggurat
00:35 Crypt
01:15 Graveyard
01:23 Tomb of Relics
01:47 Ziggurat
02:35 Nerubian Tower
03:56 Ziggurat
05:15 Halls of the Dead
05:36 Necropolis
06:55 Crypt
06:56 Nerubian Tower
07:10 Ziggurat
07:11 Ziggurat
07:13 Ziggurat
07:15 Ziggurat
07:17 Ziggurat
07:19 Ziggurat
07:25 Ziggurat
08:02 Nerubian Tower
08:03 Spirit Tower
08:04 Spirit Tower
08:11 Spirit Tower
08:12 Nerubian Tower
08:37 Spirit Tower
08:44 Spirit Tower
08:44 Spirit Tower
09:02 Black Citadel
09:27 Sacrificial Pit
10:10 Slaughterhouse
11:35 Boneyard
11:50 Boneyard
» items
| Rod of Necromancy | 7 | |
| Dust of Appearance | 1 | |
| Potion of Lesser Invulnerability | 7 | |
| Circlet of Nobility | 7 | |
| Scroll of Town Portal | 1 | |
| Scroll of Healing | 2 | |
| Scroll of Protection | 1 | |
26 total
MAGICIAN- (
yellow | 92 APM | 1839 actions | 20:00)
5 Blademaster
3 Wind Walk
2 Critical Strike
» actions
| Basic commands | 162 | |
| Build / train | 99 | |
| Enter build submenu | 25 | |
| Enter hero's abilities submenu | 4 | |
| Give item / drop item | 3 | |
| Remove unit from queue | 13 | |
| Right click | 908 | |
| Select / deselect | 523 | |
| Use ability | 102 | |
1839 total
» units
| Peon | 18 | |
| Troll Headhunter/Berserker | 14 | |
| Shaman | 2 | |
| Troll Witch Doctor | 5 | |
| Demolisher | 2 | |
41 total
» upgrades
| Ranged Weapons | 3 | |
| Troll Regeneration | 1 | |
| Berserker Upgrade | 1 | |
| Armor | 3 | |
| Reinforced Defenses | 1 | |
| Shaman Training | 2 | |
| Witch Doctor Training | 2 | |
| Burning Oil | 1 | |
14 total
» buildings
| Altar of Storms | 1 | |
| Voodoo Lounge | 1 | |
| Orc Burrow | 11 | |
| Stronghold | 2 | |
| War Mill | 1 | |
| Barracks | 3 | |
| Fortress | 4 | |
| Great Hall | 1 | |
| Spirit Lodge | 3 | |
27 total
» build order
00:06 Altar of Storms
00:11 Voodoo Lounge
00:13 Orc Burrow
01:35 Orc Burrow
02:47 Stronghold
03:31 War Mill
03:48 Barracks
03:51 Barracks
04:38 Orc Burrow
05:10 Fortress
05:10 Fortress
07:26 Great Hall
09:44 Orc Burrow
12:39 Barracks
12:41 Spirit Lodge
12:42 Spirit Lodge
13:15 Orc Burrow
16:17 Orc Burrow
16:58 Spirit Lodge
17:04 Orc Burrow
17:51 Orc Burrow
17:54 Orc Burrow
17:56 Orc Burrow
18:16 Orc Burrow
» items
| Healing Salve | 3 | |
| Lesser Clarity Potion | 2 | |
| Scroll of Speed | 1 | |
| Orb of Lightning | 2 | |
| Potion of Mana | 1 | |
9 total
Mastershefu (
blue | 75 APM | 1497 actions | 20:00)
5 Priestess of the Moon
2 Searing Arrows
3 Trueshot Aura
» actions
| Assign group hotkey | 22 | |
| Basic commands | 26 | |
| Build / train | 59 | |
| Enter build submenu | 20 | |
| Enter hero's abilities submenu | 6 | |
| Give item / drop item | 2 | |
| Right click | 407 | |
| Select / deselect | 253 | |
| Select group hotkey | 648 | |
| Use ability | 54 | |
1497 total
» units
| Wisp | 16 | |
| Archer | 6 | |
| Goblin Shredder | 1 | |
| Chimaera | 15 | |
38 total
» upgrades
| Improved Bows | 1 | |
| Hippogryph Taming | 1 | |
| Strength of the Wild | 3 | |
| Reinforced Hides | 3 | |
| Ultravision | 1 | |
| Corrosive Breath | 1 | |
| Druid of the Talon Training | 1 | |
11 total
» buildings
| Altar of Elders | 1 | |
| Moon Well | 9 | |
| Ancient of War | 2 | |
| Tree of Ages | 1 | |
| Ancient of Wonders | 1 | |
| Tree of Eternity | 1 | |
| Tree of Life | 1 | |
| Ancient of Wind | 2 | |
| Hunter's Hall | 1 | |
| Chimaera Roost | 3 | |
22 total
» build order
00:03 Altar of Elders
00:05 Moon Well
01:04 Moon Well
01:46 Ancient of War
01:50 Ancient of War
02:12 Moon Well
02:27 Moon Well
03:07 Tree of Ages
05:46 Ancient of Wonders
06:14 Tree of Eternity
07:33 Tree of Life
07:47 Ancient of Wind
08:36 Ancient of Wind
09:13 Hunter's Hall
09:21 Moon Well
10:52 Chimaera Roost
10:54 Chimaera Roost
11:10 Chimaera Roost
11:23 Moon Well
11:25 Moon Well
11:27 Moon Well
13:32 Moon Well
» items
| Moonstone | 1 | |
| Boots of Speed | 1 | |
2 total
a851030 (
pink | 62 APM | 1247 actions | 20:00)
6 Death Knight
3 Death Coil
2 Unholy Aura
1 Animate Dead
» actions
| Assign group hotkey | 15 | |
| Basic commands | 126 | |
| Build / train | 81 | |
| Enter build submenu | 18 | |
| Enter hero's abilities submenu | 7 | |
| Remove unit from queue | 5 | |
| Right click | 471 | |
| Select / deselect | 443 | |
| Select group hotkey | 10 | |
| Use ability | 71 | |
1247 total
» units
| Acolyte | 7 | |
| Ghoul | 11 | |
| Crypt Fiend | 15 | |
| Obsidian Statue | 8 | |
| Frost Wyrm | 5 | |
46 total
» upgrades
| Creature Attack | 3 | |
| Web | 1 | |
| Burrow | 1 | |
| Creature Carapace | 3 | |
| Freezing Breath | 1 | |
9 total
» buildings
| Crypt | 1 | |
| Altar of Darkness | 1 | |
| Ziggurat | 10 | |
| Graveyard | 1 | |
| Tomb of Relics | 1 | |
| Halls of the Dead | 2 | |
| Slaughterhouse | 1 | |
| Black Citadel | 2 | |
| Spirit Tower | 4 | |
| Nerubian Tower | 3 | |
| Sacrificial Pit | 1 | |
| Boneyard | 2 | |
29 total
» build order
00:21 Crypt
00:26 Altar of Darkness
00:36 Ziggurat
00:40 Ziggurat
01:41 Graveyard
01:48 Ziggurat
02:02 Tomb of Relics
02:56 Halls of the Dead
02:56 Halls of the Dead
03:38 Ziggurat
04:54 Ziggurat
07:37 Slaughterhouse
08:14 Ziggurat
08:15 Ziggurat
08:16 Ziggurat
08:16 Ziggurat
08:59 Black Citadel
09:00 Black Citadel
09:13 Spirit Tower
09:17 Nerubian Tower
09:17 Nerubian Tower
09:17 Nerubian Tower
09:26 Spirit Tower
09:40 Spirit Tower
11:42 Sacrificial Pit
11:47 Ziggurat
12:46 Spirit Tower
13:33 Boneyard
13:34 Boneyard
» items
| Rod of Necromancy | 1 | |
| Potion of Healing | 1 | |
| Scroll of Town Portal | 1 | |
| Scroll of Healing | 1 | |
4 total
team 2 (winner)
Teechyewengsuck (
purple | 50 APM | 1010 actions | 20:00)
3 Blademaster
2 Wind Walk
1 Critical Strike
» actions
| Assign group hotkey | 37 | |
| Basic commands | 67 | |
| Build / train | 51 | |
| Enter build submenu | 14 | |
| Enter hero's abilities submenu | 3 | |
| Give item / drop item | 8 | |
| Right click | 491 | |
| Select / deselect | 142 | |
| Select group hotkey | 125 | |
| Use ability | 72 | |
1010 total
» units
» upgrades
| Spiked Barricades | 1 | |
| Ranged Weapons | 2 | |
| Reinforced Defenses | 1 | |
| Liquid Fire | 1 | |
5 total
» buildings
| Orc Burrow | 5 | |
| Altar of Storms | 1 | |
| War Mill | 1 | |
| Voodoo Lounge | 1 | |
| Watch Tower | 4 | |
| Stronghold | 1 | |
| Beastiary | 2 | |
| Fortress | 1 | |
16 total
» build order
00:07 Orc Burrow
00:08 Altar of Storms
00:52 War Mill
01:12 Voodoo Lounge
01:39 Orc Burrow
02:51 Watch Tower
02:55 Watch Tower
03:41 Stronghold
04:04 Orc Burrow
04:11 Watch Tower
04:52 Orc Burrow
06:09 Beastiary
06:11 Beastiary
06:40 Orc Burrow
06:44 Watch Tower
07:06 Fortress
» items
| Healing Salve | 4 | |
| Lesser Clarity Potion | 3 | |
| Scroll of Speed | 1 | |
| Boots of Speed | 1 | |
| Potion of Healing | 3 | |
| Orb of Lightning | 1 | |
13 total
AE8686 (
teal | 57 APM | 887 actions | 15:27)
2 Priestess of the Moon
1 Scout
1 Trueshot Aura
» actions
| Assign group hotkey | 7 | |
| Basic commands | 6 | |
| Build / train | 49 | |
| Enter build submenu | 21 | |
| Enter hero's abilities submenu | 2 | |
| Remove unit from queue | 2 | |
| Right click | 527 | |
| Select / deselect | 202 | |
| Select group hotkey | 38 | |
| Use ability | 33 | |
887 total
» units
» upgrades
| Ultravision | 1 | |
| Strength of the Wild | 3 | |
| Improved Bows | 1 | |
| Nature's Blessing | 1 | |
| Corrosive Breath | 1 | |
| Hippogryph Taming | 1 | |
| Strength of the Moon | 2 | |
| Marksmanship | 1 | |
11 total
» buildings
| Moon Well | 7 | |
| Altar of Elders | 1 | |
| Ancient of War | 1 | |
| Tree of Life | 2 | |
| Tree of Ages | 1 | |
| Hunter's Hall | 1 | |
| Tree of Eternity | 1 | |
| Ancient of Wind | 2 | |
| Chimaera Roost | 3 | |
| Ancient of Wonders | 1 | |
20 total
» build order
00:09 Moon Well
00:57 Moon Well
01:06 Altar of Elders
01:19 Ancient of War
02:35 Tree of Life
03:54 Tree of Ages
04:32 Moon Well
05:35 Hunter's Hall
05:57 Tree of Life
06:20 Tree of Eternity
06:43 Ancient of Wind
08:22 Moon Well
08:24 Moon Well
08:48 Chimaera Roost
08:51 Chimaera Roost
08:52 Chimaera Roost
10:14 Moon Well
10:48 Ancient of Wonders
11:12 Moon Well
11:40 Ancient of Wind
» items
| Boots of Speed | 1 | |
| Scroll of Town Portal | 1 | |
2 total
lym6421F (
green | 114 APM | 1752 actions | 15:20)
4 Archmage
2 Summon Water Elemental
2 Brilliance Aura
2 Mountain King
1 Storm Bolt
1 Bash
» actions
| Assign group hotkey | 31 | |
| Basic commands | 74 | |
| Build / train | 55 | |
| ESC pressed | 3 | |
| Enter build submenu | 18 | |
| Enter hero's abilities submenu | 6 | |
| Right click | 526 | |
| Select / deselect | 534 | |
| Select group hotkey | 417 | |
| Use ability | 88 | |
1752 total
» units
| Peasant | 15 | |
| Footman | 7 | |
| Rifleman | 4 | |
| Priest | 5 | |
| Sorceress | 3 | |
34 total
» upgrades
» buildings
| Farm | 12 | |
| Barracks | 1 | |
| Altar of Kings | 1 | |
| Scout Tower | 1 | |
| Arcane Tower | 1 | |
| Arcane Vault | 1 | |
| Blacksmith | 1 | |
| Keep | 1 | |
| Arcane Sanctum | 2 | |
21 total
» build order
00:51 Farm
01:28 Barracks
01:38 Farm
01:43 Altar of Kings
01:51 Scout Tower
01:53 Farm
02:21 Arcane Tower
02:34 Arcane Vault
02:38 Blacksmith
03:42 Farm
04:39 Farm
04:46 Farm
05:11 Keep
05:55 Farm
07:55 Arcane Sanctum
07:58 Arcane Sanctum
09:31 Farm
09:32 Farm
09:32 Farm
09:38 Farm
09:39 Farm
» items
| Scroll of Regeneration | 4 | |
| Lesser Clarity Potion | 1 | |
| Scroll of Town Portal | 1 | |
6 total
BloodMageOnly (
red | 61 APM | 1223 actions | 20:00)
3 Blood Mage
2 Flame Strike
1 Siphon Mana
» actions
| Assign group hotkey | 53 | |
| Basic commands | 55 | |
| Build / train | 63 | |
| ESC pressed | 3 | |
| Enter build submenu | 24 | |
| Enter hero's abilities submenu | 3 | |
| Give item / drop item | 4 | |
| Right click | 454 | |
| Select / deselect | 194 | |
| Select group hotkey | 243 | |
| Use ability | 127 | |
1223 total
» units
» upgrades
| Masonry | 3 | |
| Lumber Harvesting | 2 | |
5 total
» buildings
| Altar of Kings | 1 | |
| Farm | 4 | |
| Barracks | 1 | |
| Scout Tower | 9 | |
| Arcane Tower | 2 | |
| Lumber Mill | 1 | |
| Arcane Vault | 1 | |
| Town Hall | 3 | |
| Guard Tower | 5 | |
| Keep | 1 | |
| Castle | 1 | |
| Arcane Sanctum | 1 | |
30 total
» build order
00:24 Altar of Kings
00:36 Farm
00:52 Barracks
01:05 Farm
01:36 Scout Tower
02:08 Arcane Tower
02:20 Farm
03:43 Lumber Mill
04:03 Arcane Vault
04:55 Scout Tower
05:12 Town Hall
05:13 Scout Tower
05:14 Scout Tower
05:25 Scout Tower
05:30 Arcane Tower
06:09 Guard Tower
06:50 Scout Tower
06:56 Keep
07:18 Guard Tower
07:25 Farm
07:49 Guard Tower
09:18 Town Hall
09:19 Scout Tower
09:20 Scout Tower
09:22 Scout Tower
09:27 Castle
09:30 Arcane Sanctum
09:49 Guard Tower
11:19 Guard Tower
13:16 Town Hall
» items
| Boots of Speed | 1 | |
| Staff of Teleportation | 1 | |
| Scroll of Regeneration | 2 | |
| Lesser Clarity Potion | 4 | |
| Potion of Healing | 2 | |
| Potion of Mana | 3 | |
| Healing Salve | 1 | |
| Orb of Lightning | 1 | |
15 total
Chat log
(01:30 / Allies) Teechyewengsuck: i just saw dark knight rises.... fkn amazing movie
(02:03 / Allies) Teechyewengsuck: batman gets his back broken... he gets torn the fuck up
(02:17 / Allies) BloodMageOnly: dat heath ledger
(02:27 / Allies) Teechyewengsuck: ya the 2nd one is still better
(02:33 / Allies) Teechyewengsuck: but the 3rd is a good contester
(08:42 / Allies) Teechyewengsuck: 3 gloves of haste loool
(09:38 / Allies) BloodMageOnly: thanks purp
(09:39 / Allies) BloodMageOnly: was about to use that
(09:41 / Allies) BloodMageOnly: dickwad
(09:46 / Allies) Teechyewengsuck: well
(09:49 / Allies) Teechyewengsuck: thanks
(09:53 / Allies) Teechyewengsuck: for taking both expos
(09:55 / Allies) Teechyewengsuck: dickwad
(10:54 / All) MAGICIAN-: fkn
(10:55 / All) MAGICIAN-: 10 sec delay
(11:13 / Allies) BloodMageOnly: if only I was on a smurf named bloodmage only... OH RIGHT I AM LOL
(11:21 / Allies) Teechyewengsuck: idc lol
(11:25 / Allies) Teechyewengsuck: my smurf account toto
(11:32 / Allies) Teechyewengsuck: i knew we woudln't win with u going blood mage only
(11:53 / Allies) BloodMageOnly: lol a smurf with 17/25 suck much?
(12:07 / Allies) Teechyewengsuck: other way around dumbass
(12:21 / Allies) BloodMageOnly: oh right 17 losses 25 disconnects lol
(12:42 / Allies) Teechyewengsuck: ur a dumbass
(12:45 / Allies) Teechyewengsuck: i vs against u b4
(12:47 / Allies) Teechyewengsuck: u lost to me
(12:52 / Allies) Teechyewengsuck: cuz all u did was bloodmage
(13:05 / Allies) BloodMageOnly: it doesnt matter what I do, this is lordaeron
(13:27 / Allies) Teechyewengsuck: so u say...
(14:03 / Allies) BloodMageOnly: fuck man what happened to all your bats
(14:11 / Allies) Teechyewengsuck: fuck man what happeend to ur hall
(15:32 / Allies) Teechyewengsuck: u lose
(15:34 / Allies) Teechyewengsuck: red
(15:36 / Allies) Teechyewengsuck: sux 4 u
(15:40 / Allies) BloodMageOnly: I care?
(15:48 / Allies) Teechyewengsuck: obv u do
(15:53 / Allies) BloodMageOnly: im on a smurf account on lordaeron all that matters is that YOU lost
(15:58 / Allies) Teechyewengsuck: right
(16:02 / Allies) Teechyewengsuck: i dont care
(16:06 / Allies) Teechyewengsuck: my smurf
(16:15 / Allies) Teechyewengsuck: stand in ur own flame
(16:16 / Allies) Teechyewengsuck: u suck
(16:17 / Allies) Teechyewengsuck: truly
(16:35 / Allies) Teechyewengsuck: rof
(16:37 / Allies) Teechyewengsuck: god u suck
(16:54 / Allies) BloodMageOnly: you're just angry that you've lost
(16:55 / Allies) Teechyewengsuck: ur hall
(16:58 / Allies) Teechyewengsuck: and u did no dmg to me
(16:59 / Allies) Teechyewengsuck: hahahaah
(17:02 / Allies) Teechyewengsuck: worst player ever
(17:03 / Allies) Teechyewengsuck: LOL
(17:08 / Allies) BloodMageOnly: Im not trying to kill you
(17:11 / Allies) BloodMageOnly: just making sure you lose
(17:12 / Allies) Teechyewengsuck: no wonder u here on lorderon
(17:15 / Allies) BloodMageOnly: which you did!
(17:19 / Allies) Teechyewengsuck: cuz u gotta learn to play
(17:24 / Allies) Teechyewengsuck: s'ok i dont care if i lose
(17:27 / Allies) Teechyewengsuck: hence mem aking bats
(17:33 / Allies) Teechyewengsuck: knew i'd lose with u making only bm
(17:34 / Allies) BloodMageOnly: obviously you do care or you'd have left already
(17:37 / Allies) Teechyewengsuck: seen ur lame-o strat
(17:40 / Allies) Teechyewengsuck: naw
(17:41 / Allies) BloodMageOnly: you're so so angry you cant stop talking, its cute
(17:43 / Allies) Teechyewengsuck: cuz i play to have fun
(17:46 / Allies) Teechyewengsuck: i could care less
(17:49 / Allies) Teechyewengsuck: but ur so angry
(17:52 / Allies) Teechyewengsuck: that i raped u
(17:53 / Allies) Teechyewengsuck: 2x
(17:58 / Allies) BloodMageOnly: lol "I play for fun" Thanks now I have reason to upload this to highper.ch
(18:03 / Allies) Teechyewengsuck: u are staying cuz u care to explain somthing
(18:09 / Allies) Teechyewengsuck: its so cute of u
(18:12 / Allies) Teechyewengsuck: calm down bro
(18:15 / Allies) Teechyewengsuck: its just a video game
(18:23 / Allies) BloodMageOnly: keep raging at me dude, its all going to be up on highper.ch when I post this replay there
(18:33 / Allies) Teechyewengsuck: pooor red
(18:37 / Allies) Teechyewengsuck: so niave
(18:44 / Allies) Teechyewengsuck: ill post this replay 4 u too
(19:05 / Allies) BloodMageOnly: I've remained calm all game, you're the angry one.
(19:07 / Allies) Teechyewengsuck: u cared so much that u try to tk
(19:12 / Allies) Teechyewengsuck: its so cute
(19:13 / All) BloodMageOnly: teelosdomain.net
(19:15 / Allies) Teechyewengsuck: watching a hipocrit
(19:17 / Allies) Teechyewengsuck: soooo cute
(19:18 / Allies) Teechyewengsuck: :)
(19:24 / Allies) Teechyewengsuck: u so special to me
(19:26 / Allies) Teechyewengsuck: baby gurl
(19:35 / Allies) BloodMageOnly: is that the best you have?
(19:47 / Allies) Teechyewengsuck: ill teach u how to play
(19:50 / Allies) Teechyewengsuck: www.
(19:54 / All) BloodMageOnly: learntocounter.com